 Dungeon Crawl Stone Soup version 0.18-a0-1805-g8ab820f (webtiles) character file.

227 Loki the Shield-Bearer (level 6, -5/48 HPs)
             Began as a Formicid Fighter on Apr 25, 2016.
             Slain by an ogre
             ... wielding a +0 giant club
              (13 damage)
             ... on level 4 of the Dungeon.
             The game lasted 00:06:30 (2675 turns).

Loki the Shield-Bearer (Formicid Fighter)           Turns: 2675, Time: 00:06:31

Health: -5/48      AC:  8    Str: 20    XL:     6   Next: 22%
Magic:  6/6        EV:  8    Int: 10    God:
Gold:   144        SH: 10    Dex: 10    Spells: 0 memorised, 5 levels left

rFire  . . .     SeeInvis +     a - +0 long sword
rCold  . . .     Gourm    .     b - +0 scale mail
rNeg   . . .     Faith    .     c - +0 shield
rPois  .         Spirit   .     (helmet unavailable)
rElec  .         Dismiss  .     e - +0 cloak
rCorr  .         Reflect  .     (no gloves)
SustAt .         Harm     .     (no boots)
MR     .....                    (no amulet)
Stlth  ..........               (no ring)
                                (no ring)

@: not resistant to hostile enchantments, extremely unstealthy
A: permanent stasis, dig shafts and tunnels, four strong arms, antennae 3
a: Dig, Shaft Self


You were on level 4 of the Dungeon.
You were not hungry.

You visited 1 branch of the dungeon, and saw 4 of its levels.

You collected 144 gold pieces.

Inventory:

Hand Weapons
 a - a +0 long sword (weapon)
Missiles
 r - 167 stones (quivered)
 x - 17 poisoned needles
 y - 71 arrows
 A - 61 bolts
 B - 2 curare-tipped needles
Armour
 b - a +0 scale mail (worn)
 c - a +0 shield (worn)
 e - a +0 cloak (worn)
Scrolls
 g - 3 scrolls of amnesia {unknown}
 h - 3 scrolls of blinking {unknown}
 j - 5 scrolls of remove curse {unknown}
 k - 3 scrolls of identify {unknown}
 l - 3 scrolls of teleportation {unknown}
 m - a scroll of recharging {unknown}
 s - a scroll of fog {unknown}
 v - a scroll of random uselessness {unknown}
Potions
 d - 3 potions of might
 i - 3 potions of lignification {unknown}
 n - 2 potions of haste {unknown}
 o - 2 potions of berserk rage {unknown}
 p - a potion of curing {unknown}
 q - 2 potions of brilliance {unknown}
 t - 2 potions of resistance {unknown}
 w - a potion of heal wounds {unknown}
 z - a potion of ambrosia {unknown}
Comestibles
 f - 8 bread rations
 u - 2 beef jerkies
 C - a meat ration


   Skills:
 + Level 4.1 Fighting
 * Level 3.7 Long Blades
 + Level 4.1 Armour
 * Level 5.4 Shields


You had 5 spell levels left.
You didn't know any spells.

Dungeon Overview and Level Annotations

Branches:
Dungeon (4/15)
 Temple: D:4-7

Altars:
Okawaru
Qazlal
The Shining One


Innate Abilities, Weirdness & Mutations

You are under a permanent stasis effect.
You can dig through walls and to a lower floor.
Your four strong arms can wield two-handed weapons with a shield.
You have a pair of large antennae on your head (SInv).


Message History

The ogre is moderately wounded.
You block the ogre's attack.
You hit the ogre but do no damage.
The ogre is moderately wounded.
The ogre closely misses you.
You hit the ogre.
The ogre is moderately wounded.
The ogre hits you with a giant club!
You hit the ogre.
The ogre is heavily wounded.
The ogre barely misses you.
You hit the ogre.
The ogre is severely wounded.
The ogre hits you with a giant club!
* * * LOW HITPOINT WARNING * * *
You are too injured to fight recklessly!
You hit the ogre.
The ogre is severely wounded.
The ogre hits you with a giant club!
You die...

.............#
###._..8....#
##.........#
#..........#
#....._....#
#..##.....## #
#######........####.#
>............##.....#..#
................@O(.....
...##.#.#.......###.#.##
...##.#.#.......# #
...##.#.#.......#
............#'###
....##...##.#..#
##.......##.#..#
###.#....##.#..#
.........##.#..#


You could see an ogre.

Vanquished Creatures
  An ogre (D:4)
  A centaur skeleton (D:4)
  Robin (D:3)
  3 adders
  2 worms (D:2)
  2 dart slugs (D:3)
  2 orcs (D:3)
  6 bats
  5 giant cockroaches
  14 goblins
  8 hobgoblins
  3 jackals (D:1)
  2 quokkas
  4 ball pythons
  2 giant newts
  5 kobolds
  3 rats
64 creatures vanquished.

Notes
Turn   | Place    | Note
--------------------------------------------------------------
     0 | D:1      | Loki the Formicid Fighter began the quest for the Orb.
     0 | D:1      | Reached XP level 1. HP: 18/18 MP: 1/1
   297 | D:1      | Reached XP level 2. HP: 24/24 MP: 2/2
   508 | D:1      | Reached skill level 4 in Shields
   936 | D:2      | Reached XP level 3. HP: 29/29 MP: 3/3
  1161 | D:2      | Reached XP level 4. HP: 28/36 MP: 4/4
  1309 | D:3      | Noticed Robin
  1346 | D:3      | Killed Robin
  1393 | D:3      | Reached XP level 5. HP: 35/42 MP: 5/5
  2267 | D:4      | Reached skill level 5 in Shields
  2340 | D:4      | Noticed an ogre
  2350 | D:4      | Killed an ogre
  2350 | D:4      | Reached XP level 6. HP: 12/48 MP: 6/6
  2627 | D:4      | Found a glowing golden altar of the Shining One.
  2627 | D:4      | Found a stormy altar of Qazlal.
  2629 | D:4      | Found an iron altar of Okawaru.
  2663 | D:4      | Noticed an ogre
  2675 | D:4      | Slain by an ogre

Vault maps used:
D:1:      matt_arrival_los_fun, minmay_misc_feat_more_columns
D:2:      first_bread
D:3:      uniq_robin
D:4:      grunt_temple_overflow_open, serial_shops, nicolae_shop_stone,
          kennysheep_potato

Skill      XL: |  1  2  3  4  5 |
---------------+----------------+-----
Shields        | 4 5 |  5.4
Long Blades    | 3 |  3.7
Armour         | 4 |  4.1
Fighting       | 4 |  4.1

Action                   |  1- 3 |  4- 6 || total
-------------------------+-------+-------++-------
Melee: Long sword        |   103 |   125 ||   228
Throw: Stone             |       |     6 ||     6
 Abil: Dig               |       |     1 ||     1
  Eat: Chunk             |     1 |     5 ||     6
Armor: Scale mail        |    54 |    44 ||    98
Dodge: Dodged            |    44 |    32 ||    76
Block: Shield            |    70 |    54 ||   124
